 Dungeon Crawl Stone Soup version 0.26-a0-667-g92642533e4 (webtiles) character file.

Game seed: 5149678621467636979

(classic levelgen) 18 EnegeticOcto the Skirmisher (level 2, -1/18 HPs)
             Began as a Gargoyle Air Elementalist on Oct 18, 2020.
             Slain by a bullfrog (4 damage)
             ... on level 3 of the Dungeon.
             The game lasted 00:02:55 (411 turns).

EnegeticOcto the Skirmisher (GrAE)                   Turns: 411, Time: 00:02:56

Health: -1/18      AC:  4    Str: 11    XL:     2   Next: 70%
Magic:  0/5        EV: 12    Int: 15    God:
Gold:   21         SH:  0    Dex: 10    Spells: 4/5 levels left

rFire    . . .     SeeInvis .   (no weapon)
rCold    . . .     Faith    .   (no shield)
rNeg     + . .     Spirit   .   a - +0 robe
rPois    ∞         Reflect  .   (no helmet)
rElec    +         Harm     .   (no cloak)
rCorr    .         Rampage  .   (no gloves)
MR       .....                  (no boots)
Stlth    ++........             (no amulet)
HPRegen  0.06/turn              (no ring)
MPRegen  0.09/turn              (no ring)

@: very slightly contaminated
A: negative energy resistance 1, electricity resistance, unbreathing,
petrification resistance, rot immunity, AC +2
a: no special abilities


You were on level 3 of the Dungeon.
You visited 1 branch of the dungeon, and saw 3 of its levels.

You collected 21 gold pieces.

Inventory:

Missiles
 c - 5 boomerangs (quivered)
Armour
 a - a +0 robe (worn)
Scrolls
 b - 4 scrolls of identify {unknown}
 f - a scroll of remove curse {unknown}
Potions
 d - a potion of ambrosia {unknown}
 e - a potion of brilliance {unknown}


   Skills:
 + Level 2.5 Fighting
 - Level 1.5 Dodging
 - Level 2.1 Stealth
 - Level 2.0 Spellcasting
 - Level 1.1 Conjurations
 - Level 2.4 Air Magic


You had 4 spell levels left.
You knew the following spells:

 Your Spells              Type           Power        Failure   Level
a - Shock                 Conj/Air       #...         11%         1

Your spell library contained the following spells:

 Spells                   Type           Power        Failure   Level
 Swiftness                Air            #.......     13%         2
 Static Discharge         Conj/Air       #.......     32%         3
 Airstrike                Air            #.........   63%         4
 Lightning Bolt           Conj/Air       #.........   96%         5


Dungeon Overview and Level Annotations

Branches:
Dungeon (3/15)

Altars:


Innate Abilities, Weirdness & Mutations

You are resistant to torment.
Your stone body is resilient. (AC +2)
You are immune to poison.
You resist negative energy. (rN+)
You are resistant to electric shocks. (rElec)
You can survive without breathing.
You are immune to petrification.
You are immune to rotting.


Message History

The zap hits the orc.
You kill the orc!
The zap hits the hobgoblin.
The hobgoblin is severely wounded.
Casting: Shock (safe; 11% risk of failure)
Confirm with . or Enter, or press ? or * to list all spells.
Aiming: Shock (safe; 11% risk of failure)
Press: ? - help, Shift-Dir - straight line, f - hobgoblin
Aim: a hobgoblin (severely wounded)
The zap hits the hobgoblin.
The hobgoblin is almost dead.
You see here a +0 club.
You hit the hobgoblin.
You kill the hobgoblin!
No target in view!
There is a stone staircase leading up here.
You see here a robe.
A goblin comes into view. It is wielding a +0 dagger.
Casting: Shock (safe; 11% risk of failure)
Confirm with . or Enter, or press ? or * to list all spells.
Aiming: Shock (safe; 11% risk of failure)
Press: ? - help, Shift-Dir - straight line You miscast Shock.
You are very lightly contaminated with residual magic.
Nothing appears to happen.
The goblin hits you but does no damage.
Casting: Shock (safe; 11% risk of failure)
Confirm with . or Enter, or press ? or * to list all spells.
Aiming: Shock (safe; 11% risk of failure)
Press: ? - help, Shift-Dir - straight line The zap hits the goblin.
You kill the goblin!
You see here a +0 dagger.
Your magical contamination has completely faded away.
You open the door.
A bullfrog comes into view.
The bullfrog gives a loud, deep croak!
Found a knobbly jade ring.
Found a stone staircase leading down.
Throwing (i - inventory)
c - 5 boomerangs (quivered)
Press: ? - help, Shift-Dir - straight line, f - bullfrog
Aim: a bullfrog You throw a boomerang.
The boomerang barely misses the bullfrog.
A leopard gecko comes into view.
Casting: Shock (safe; 11% risk of failure)
Confirm with . or Enter, or press ? or * to list all spells.
Press: ? - help, Shift-Dir - straight line, p - bullfrog You miscast Shock.
You are very lightly contaminated with residual magic.
Nothing appears to happen.
The bullfrog hits you. x2
Casting: Shock (safe; 11% risk of failure)
Confirm with . or Enter, or press ? or * to list all spells.
Aiming: Shock (safe; 11% risk of failure)
Press: ? - help, Shift-Dir - straight line The zap misses the bullfrog. x2
The bullfrog releases a deep croak.
The bullfrog hits you.
Casting: Shock (safe; 11% risk of failure)
Confirm with . or Enter, or press ? or * to list all spells.
Aiming: Shock (safe; 11% risk of failure)
Press: ? - help, Shift-Dir - straight line The zap hits the bullfrog.
The bullfrog is lightly wounded.
The zap hits the bullfrog.
The bullfrog is moderately wounded.
The bullfrog barely misses you.
The bullfrog hits you but does no damage.
Casting: Shock (safe; 11% risk of failure)
Confirm with . or Enter, or press ? or * to list all spells.
Aiming: Shock (safe; 11% risk of failure)
Press: ? - help, Shift-Dir - straight line The zap hits the bullfrog.
The bullfrog is heavily wounded.
The zap hits the bullfrog.
The bullfrog is heavily wounded.
The zap misses the leopard gecko.
The bullfrog hits you.
* * * LOW HITPOINT WARNING * * *
Casting: Shock (safe; 11% risk of failure)
Confirm with . or Enter, or press ? or * to list all spells.
Aiming: Shock (safe; 11% risk of failure)
Press: ? - help, Shift-Dir - straight line The zap hits the bullfrog.
The bullfrog is heavily wounded.
The zap hits the bullfrog.
The bullfrog is severely wounded.
The zap misses the leopard gecko.
The bullfrog hits you.
* * * LOW HITPOINT WARNING * * *
The bullfrog closely misses you.
Throwing (i - inventory)
c - 5 boomerangs (quivered)
Press: ? - help, Shift-Dir - straight line, f - bullfrog
Aim: a bullfrog (severely wounded)
You throw a boomerang.
The boomerang completely misses the bullfrog.
The bullfrog closely misses you.
Throwing (i - inventory)
c - 5 boomerangs (quivered)
Press: ? - help, Shift-Dir - straight line, f/p - bullfrog
Aim: a bullfrog (severely wounded)
You throw a boomerang.
The boomerang barely misses the bullfrog.
The bullfrog hits you.
You die...

#.# #. #.# #. #.# #.## +#
##.##### ..# ... .......#
#.# .... .#.###.# ##.##
.....
.......#####...####......
.................Fl..>...
.......###......@##......
.......# #......## .....
.......# ##....## ....
.......# #.#.## .=.
.##.#.## #.### +# ....#.#
#.# ..###.# #.# ...)..#
#.#####


You could see a bullfrog and a leopard gecko.

Vanquished Creatures
  A leopard gecko (D:3)
  An orc (D:3)
  4 hobgoblins
  A kobold (D:1)
  3 bats
  2 frilled lizards
  A goblin (D:3)
  3 rats
16 creatures vanquished.

Notes
Turn   | Place    | Note
-------+----------+-------------------------------------------
     0 | D:1      | EnegeticOcto the Gargoyle Air Elementalist began the quest
                  | for the Orb.
     0 | D:1      | Reached XP level 1. HP: 10/10 MP: 3/3
    42 | D:1      | Reached skill level 1 in Fighting
   153 | D:3      | Reached XP level 2. HP: 12/17 MP: 3/5
   254 | D:3      | Reached skill level 2 in Fighting
   402 | D:3      | Noticed a bullfrog
   411 | D:3      | Slain by a bullfrog

Illustrated notes

Levels and vault maps discovered:
D:1:      dpeg_arrival_another_circle, layout_basic, serial_bayou_pond_a
D:2:      layout_rooms, uniq_jessica
D:3:      layout_loops_corners

Skill      XL: |  1  2 |
---------------+-------+-----
Fighting       | 1 2 |  2.5
Dodging        | |  1.5
Stealth        | |  2.1
Spellcasting   | |  2.0
Conjurations   | |  1.1
Air Magic      | |  2.4

Action                   || total
-------------------------++-------
Melee: Unarmed           ||    18
Throw: Boomerang         ||     7
 Cast: Shock             ||    31
Armor: Robe              ||    19
Dodge: Dodged            ||    49

Table legend: (Time is in decaauts)
 A = Elapsed time spent in this place.
 B = Non-inter-level travel time spent in this place.
 C = Inter-level travel time spent in this place.
 D = Time resting spent in this place.
 E = Time spent auto-exploring this place.
 F = Levels seen in this place.
 G = Mean time per level.
                   A        B        C        D        E       F      G
               +--------+--------+--------+--------+--------+-----+--------+
         Total |    413 |    410 |      3 |      0 |      0 |   3 |  137.7 |
       Dungeon |    413 |    410 |      3 |      0 |      0 |   3 |  137.7 |
               +--------+--------+--------+--------+--------+-----+--------+

Top non-repeatable levels by time:
     D:3: 231 daAuts
     D:1: 92 daAuts
     D:2: 90 daAuts
